AoeStats
← fat_dgk

African Clearing

506993269Analyzed
4v4 RM · 17d ago on Sep 16, 2026· 56m 44s· 8 players
Game mode
Random Map
Map size
Large (8 player)
Population
200
Speed
Normal
Resources
Standard
Victory
Conquest
Starting age
Dark Age
Ending age
Imperial Age
RankedLock teamsTeams togetherTeam positionsShared explorationLock speedFull tech treeHidden civsTurbo modeCheats
Victory
Defeat
🇨🇱 Burgundians · Chile
1242
+11
🇲🇽 Tupi · Mexico
1198
+13
🇲🇽 Celts · Mexico
1014
+21
🇨🇳 Persians · China
1012
+20
🇻🇪 Vietnamese · Venezuela
1169
-18
🇮🇱 Aztecs · Israel
1128
-17
🇨🇦 Huns · Canada
1112
-16
🇺🇸 Vietnamese · United States
1063
-14
unclesam613
4:39 Loom
16:53 Feudal Age
21:55 Castle Age
22:17 Town Watch
28:51 Double-Bit Axe
31:18 Scale Barding Armor
31:24 Forging
31:33 Bloodlines
31:44 Husbandry
32:05 Fletching
33:46 Wheelbarrow
38:04 Horse Collar
47:53 Bow Saw
47:45 Heavy Plow
Macumba
6:48 Loom
15:42 Feudal Age
17:18 Fletching
18:33 Wheelbarrow
17:46 Town Watch
27:06 Castle Age
34:19 Bloodlines
37:10 Husbandry
39:47 Padded Archer Armor
42:24 Bodkin Arrow
42:45 Leather Archer Armor
45:18 Ballistics
44:56 Murder Holes
50:06 Imperial Age
51:03 Elite Rattan Archer
52:15 Gold Mining
52:34 Bracer
53:05 Ring Archer Armor
54:20 Chemistry
53:46 Hand Cart
53:31 Town Patrol
53:31 Double-Bit Axe
55:25 Paper Money
mfubu
10:15 Loom
16:03 Feudal Age
17:27 Double-Bit Axe
19:06 Scale Mail Armor
22:22 Castle Age
21:30 Forging
23:33 Chain Mail Armor
28:13 Wheelbarrow
28:22 Squires
29:17 Arson
35:30 Hand Cart
36:05 Bow Saw
39:34 Horse Collar
43:58 Imperial Age
43:36 Heavy Plow
44:10 Elite Fire Lancer
46:20 Pikeman
47:24 Halberdier
48:46 Plate Mail Armor
Mike
7:00 Loom
13:13 Feudal Age
13:40 Double-Bit Axe
23:24 Castle Age
22:34 Forging
24:21 Pikeman
26:17 Bow Saw
25:48 Horse Collar
32:12 Fletching
46:30 Heavy Plow
47:53 Gold Mining
47:54 Stone Mining
51:10 Wheelbarrow
51:25 Gold Shaft Mining
51:55 Eagle Warrior
53:34 Squires
53:21 Arson
IamPsychoMx
11:05 Loom
12:50 Feudal Age
22:22 Castle Age
20:42 Fletching
22:07 Double-Bit Axe
22:13 Gold Mining
22:16 Stone Mining
22:11 Horse Collar
30:59 Wheelbarrow
30:48 Padded Archer Armor
34:58 Bodkin Arrow
38:11 Bow Saw
38:37 Gold Shaft Mining
40:20 Town Watch
45:28 Imperial Age
43:18 Leather Archer Armor
44:01 Hand Cart
43:51 Heavy Plow
45:55 Ballistics
46:15 Bracer
47:15 Ring Archer Armor
47:01 Elite Blackwood Archer
49:07 Chemistry
49:25 Forging
49:16 Scale Mail Armor
49:39 Treadmill Crane
50:25 Conscription
50:32 Curare
50:43 Squires
50:04 Champi Runner
50:31 Arson
51:00 Champi Warrior
52:00 Chain Mail Armor
52:21 Iron Casting
52:25 Caciques
51:51 Elite Champi Warrior
52:48 Elite Ibirapema Warrior
fat_dgk
8:28 Double-Bit Axe
11:38 Loom
14:19 Feudal Age
15:57 Bow Saw
20:40 Castle Age
18:46 Fishing Lines
19:53 Scale Barding Armor
23:02 Two-Man Saw
25:32 Horse Collar
27:09 Heavy Plow
29:29 Wheelbarrow
30:09 Forging
30:24 Chain Barding Armor
33:21 Gold Mining
34:16 Forging
36:42 Imperial Age
35:24 Crop Rotation
35:08 Burgundian Vineyards
35:50 Gold Shaft Mining
36:45 Iron Casting
36:53 Husbandry
37:14 Town Watch
37:45 Hand Cart
36:55 Light Cavalry
38:12 Plate Barding Armor
38:38 Blast Furnace
37:21 Capped Ram
38:05 Elite Coustillier
39:06 Conscription
39:48 Padded Archer Armor
41:42 Chemistry
40:24 Treadmill Crane
40:54 Masonry
42:12 Leather Archer Armor
41:47 Fletching
43:46 Bodkin Arrow
44:25 Architecture
44:31 Coinage
44:42 Bracer
45:35 Hussar
45:43 Elite Skirmisher
47:23 Ballistics
51:34 Stone Mining
52:27 Town Patrol
54:26 Onager
55:53 Guilds
LeeFvn
14:31 Loom
16:26 Feudal Age
25:54 Castle Age
23:49 Stone Mining
34:45 Ballistics
41:17 Wheelbarrow
41:32 Kamandaran
42:24 Crossbowman
43:35 Hand Cart
44:51 Double-Bit Axe
46:01 Bow Saw
45:46 Gold Mining
45:42 Horse Collar
49:35 Imperial Age
49:20 Gold Shaft Mining
48:56 Heavy Plow
49:34 Stone Shaft Mining
49:08 Husbandry
50:17 Conscription
52:02 Bloodlines
51:42 Cavalier
53:12 Scale Barding Armor
53:17 Forging
53:54 Crop Rotation
54:00 Savar
56:22 Chain Barding Armor
56:38 Iron Casting
SER
11:31 Loom
15:05 Feudal Age
15:33 Double-Bit Axe
16:56 Town Watch
19:59 Castle Age
24:22 Bow Saw
25:06 Fletching
28:01 Gold Mining
28:21 Bodkin Arrow
Connection lost

Rejoining the realm…

Still unreachable

The connection could not be restored.

Session expired

The server has moved on; the page needs a fresh start.